 Dungeon Crawl Stone Soup version 0.30-a0-422-g946f4849ff (webtiles) character file.

Game seed: 11859060955336802744

3745 wvc the Arsonist (level 9, -10/62 HPs)
             Began as a Grey Draconian Fire Elementalist on Dec 8, 2022.
             Was an Initiate of Ashenzari.
             Killed from afar by a steam dragon (22 damage)
             ... with a ball of steam
             ... on level 8 of the Dungeon.
             The game lasted 00:26:40 (8463 turns).

wvc the Arsonist (Grey Draconian Fire Elementalist) Turns: 8463, Time: 00:26:41

Health: -10/62     AC: 12    Str: 10    XL:     9   Next: 93%
Magic:  25/31      EV: 12    Int: 20    God:    Ashenzari [......]
Gold:   316        SH:  5    Dex: 12    Spells: 18/26 levels left

rFire   . . .      SeeInvis .    l - +1 dagger (venom)
rCold   . . .      Faith    .    (no shield)
rNeg    . . .      Spirit   .    (body armour unavailable)
rPois   .          Reflect  +    (helmet restricted)
rElec   .          Harm     .    (no cloak)
rCorr   .          Rampage  .    (no gloves)
Will    .....                    (no boots)
Stlth   ++........               q - amulet of Cremastomancy {Reflect SH+5, Melee, Elem} (curse)
HPRegen 0.30/turn                k - ring of magical power
MPRegen 0.22/turn                (no ring)

@: lethally poisoned (-10 -> -20)
A: AC +12, amphibious, unfitting armour, cold-blooded
a: Renounce Religion, Curse Item, Shatter the Chains


You were on level 8 of the Dungeon.
You worshipped Ashenzari.
Ashenzari was noncommittal.
You visited 1 branch of the dungeon, and saw 8 of its levels.

You collected 424 gold pieces.
You spent 108 gold pieces at shops.

Inventory:

Hand Weapons
 l - a +1 dagger of venom (weapon)
 n - a +4 dagger of electrocution
 p - the +7 scimitar of a sewer {antimagic, Int+3 Dex+4}
   (You found it on level 5 of the Dungeon)

   It reduces the magical energy of the wielder, and disrupts the spells and
   magical abilities of those it strikes.
   Natural abilities and divine invocations are not affected.
   Int:       It affects your intelligence (+3).
   Dex:       It affects your dexterity (+4).
Missiles
 d - 28 poisoned darts
Magical Staves
 u - a staff of earth
Jewellery
 e - a ring of ice
 k - a ring of magical power (left hand)
 q - the cursed amulet of Cremastomancy (around neck) {Reflect SH+5, Melee, Elem}
   (You found it on level 6 of the Dungeon)

   [amulet of reflection]

   It reflects blocked missile attacks.
   SH:        It affects your SH (+5).
   It has a curse which improves the following skills: Melee Combat: Short
   Blades, Long Blades, Axes, Maces & Flails, Polearms, Staves and Unarmed
   Combat.
   Elements:  Fire Magic, Ice Magic, Air Magic and Earth Magic.
Wands
 v - a wand of flame (21)
Scrolls
 b - a scroll of immolation
 m - 3 scrolls of vulnerability
 s - a scroll of noise {unknown}
Potions
 a - 2 potions of magic
 c - 2 potions of attraction {unknown}
 g - 3 potions of mutation
 h - 3 potions of berserk rage
 i - a potion of ambrosia {unknown}
 j - 3 potions of haste
 o - 2 potions of cancellation {unknown}
 r - a potion of might {unknown}
 t - a potion of lignification {unknown}


   Skills:
 - Level 1.7 Dodging
 - Level 1.7 Stealth
 * Level 9.1 Spellcasting
 + Level 5.9 Conjurations
 * Level 9.3(9.8) Fire Magic


You had 18 spell levels left.
You knew the following spells:

 Your Spells              Type           Power      Damage    Failure   Level
a - Foxfire               Conj/Fire      100%       2x1d9     1%          1
b - Flame Wave            Conj/Fire      40%        2d11      3%          4
c - Inner Flame           Hex/Fire       28%        N/A       3%          3

Your spell library contained the following spells:

 Spells                   Type           Power      Damage    Failure   Level
 Magic Dart               Conj           100%       1d8       1%          1
 Scorch                   Fire           96%        2d9       1%          2
 Searing Ray              Conj           64%        2d6       1%          2
 Kindle Blastsparks       Fire/Tloc/Air  44%        2d13      6%          3
 Sting                    Tmut/Pois      36%        1d4       8%          1
 Poisonous Vapours        Pois/Air       18%        N/A       12%         2
 Fulminant Prism          Conj/Hex       10%        3d9       22%         4
 Cause Fear               Hex            4%         N/A       58%         4
 Olgreb's Toxic Radiance  Pois           9%         N/A       58%         4
 Dragon Form              Tmut           4%         N/A       100%        7
 Dragon's Call            Summ           4%         N/A       100%        9


Dungeon Overview and Level Annotations

Branches:
Dungeon (8/15)             Temple (0/1) D:5
   Lair: D:8-11

Altars:
Ashenzari
Cheibriados
Fedhas
Hepliaklqana

Shops:
D:3 *   D:5 !


Innate Abilities, Weirdness & Mutations

Your dull iron-grey scales are very hard. (AC +12)
You are amphibious.
You cannot fit into any form of body armour.
You are cold-blooded and may be slowed by cold attacks.


Message History

You hit the killer bee.
The killer bee is heavily wounded.
You feel sick.
The foxfire hits the killer bee.
The killer bee is heavily wounded.
The foxfire hits the killer bee.
The killer bee is severely wounded.
The killer bee stings you.
You are more poisoned.
The killer bee poisons you! You block the killer bee's attack.
The steam dragon closely misses you. x2
Casting: Foxfire (safe; 1% risk of failure)
Press: ? - help, Q - select action, (/) - cycle Dir - look around, f - activate You conjure some foxfire!
You feel very sick.
The killer bee stings you but does no damage.
The killer bee stings you.
You are more poisoned.
The killer bee poisons you! The steam dragon barely misses you. x2
Casting: Foxfire (safe; 1% risk of failure)
Press: ? - help, Q - select action, (/) - cycle Dir - look around, f - activate You conjure some foxfire!
* * * LOW HITPOINT WARNING * * *
You feel very sick.
The foxfire hits the killer bee.
You kill the killer bee!
The steam dragon bites you.
* * * LOW HITPOINT WARNING * * *
You block the steam dragon's attack.
Unknown command.
You closely miss the steam dragon. You tail-slap the steam dragon.
The steam dragon is lightly wounded.
* * * LOW HITPOINT WARNING * * *
You feel very sick.
The foxfire hits the steam dragon.
The steam dragon is moderately wounded.
The foxfire hits the steam dragon but does no damage.
The steam dragon is moderately wounded.
The steam dragon breathes steam at you. The ball of steam hits you!!
You die...

#.#)#########.#####)..#.......#
#.#...............)..)'.......'
#.#.#########.#####)))#.......#
#.#.#########.##....###########
#..>...........+....# #.
###.################# #. #.#
#.......### ### . ...
#....§.†..## #.. . .....
#....§@D†..## #.# . .......
#....###....### #.#
#.......##... ###....####.###.
#.......##.. ##............ #.
##.......#### # ###.....####
#########..... #.............
#.###.###.###.


You could see a steam dragon (catching breath).

Vanquished Creatures
  Sigmund (D:4)
  A wyvern (D:8)
  2 yaks
  2 steam dragons
  Edmund (D:4)
  3 water moccasins
  A sky beast (D:7)
  An ice beast (D:7)
  2 black bears
  An ogre (D:5)
  2 kobold brigands
  A phantom (D:5)
  4 scorpions
  4 bullfrogs
  A necrophage (D:7)
  5 wights (D:8)
  5 killer bees (D:8)
  2 howler monkeys
  5 hounds
  2 jellies
  An orc priest (D:5)
  2 iguanas (D:6)
  5 orc wizards
  10 adders
  4 gnolls
  2 shadow imps (D:8)
  2 white imps
  An ufetubus (D:4)
  4 dart slugs
  33 orcs
  11 bats
  9 endoplasms
  4 giant cockroaches
  8 goblins
  4 hobgoblins
  3 jackals (D:2)
  20 kobolds
  3 quokkas
  9 ball pythons
  A frilled lizard (D:2)
  6 rats
188 creatures vanquished.

Vanquished Creatures (collateral kills)
  A foxfire (D:5)
1 creature vanquished.

Vanquished Creatures (others)
  489 foxfires
  20 fungi (D:8)
  16 plants (D:8)
525 creatures vanquished.

Grand Total: 714 creatures vanquished

Notes
Turn   | Place    | Note
-------+----------+-------------------------------------------
     0 | D:1      | wvc the Draconian Fire Elementalist began the quest for the
                  | Orb.
     0 | D:1      | Reached XP level 1. HP: 14/14 MP: 3/3
   149 | D:1      | Reached XP level 2. HP: 20/20 MP: 1/5
  1023 | D:2      | Reached XP level 3. HP: 22/26 MP: 1/6
  1913 | D:3      | Reached XP level 4. HP: 33/33 MP: 6/8
  2004 | D:3      | Found Xoabag's General Store.
  2023 | D:3      | Bought a scroll of identify for 28 gold pieces
  2256 | D:3      | Reached XP level 5. HP: 38/38 MP: 5/10
  2673 | D:3      | Found a faded altar of an unknown god.
  2731 | D:3      | Prayed at the altar of an unknown god.
  2731 | D:3      | Became a worshipper of Ashenzari the Shackled
  2960 | D:4      | Reached XP level 6. HP: 40/45 MP: 12/12
  3013 | D:4      | Reached skill level 5 in Fire Magic
  3191 | D:4      | Noticed Edmund
  3250 | D:5      | Entered Level 5 of the Dungeon
  3250 | D:5      | Found Werghyu's Distillery.
  3381 | D:5      | Bought a potion of curing for 30 gold pieces
  3381 | D:5      | Bought a potion of heal wounds for 50 gold pieces
  3755 | D:4      | Noticed Sigmund
  3770 | D:4      | Killed Sigmund
  3771 | D:4      | Reached skill level 5 in Spellcasting
  3771 | D:4      | Your scales start taking on a dull iron-grey colour.
  3771 | D:4      | Reached XP level 7. HP: 40/50 MP: 4/14
  3841 | D:4      | Found a hazy altar of Hepliaklqana.
  3879 | D:4      | Noticed a steam dragon
  3894 | D:4      | HP: 2/50 [steam dragon/ball of steam (13)]
  3895 | D:4      | Killed a steam dragon
  4261 | D:4      | Killed Edmund
  4559 | D:5      | Reached XP level 8. HP: 31/57 MP: 12/17
  4939 | D:5      | Found a staircase to the Ecumenical Temple.
  5039 | D:5      | Identified the +7 scimitar of a sewer {antimagic, Int+3
                  | Dex+4}
  5173 | D:5      | Found a blossoming altar of Fedhas.
  5540 | D:6      | Found a snail-covered altar of Cheibriados.
  5697 | D:6      | Learned a level 4 spell: Flame Wave
  6849 | D:7      | Reached XP level 9. HP: 62/62 MP: 14/20
  7164 | D:7      | Reached skill level 5 in Conjurations
  8316 | D:8      | Learned a level 3 spell: Inner Flame
  8463 | D:8      | Killed from afar by a steam dragon

Illustrated notes

Levels and vault maps discovered:
D:1:      saegor_arrival_fortress, layout_basic, hangedman_decor_riveting
D:2:      layout_loops_ring
D:3:      cheibrodos_thug_alley, layout_rooms, serial_glass, glass_columns_b,
          glass_columns_b, serial_shops, shop, hellmonk_ecumenical_altar_blasted
D:4:      layout_loops_ring, nicolae_hepliaklqana_hippocampus, nrook_uturn,
          uniq_sigmund, uniq_edmund
D:5:      layout_basic, mainiacjoe_overflow_brackets,
          minmay_temple_entry_gardened_gates, serial_shops, shop_statue
D:6:      layout_loops_corners, lemuel_round_altar
D:7:      layout_gridville, grunt_ministairs_15
D:8:      layout_basic, grunt_lair_entry_orc_guard_hut, serial_curves,
          eino_curves_02, eino_curves_02

Skill      XL: |  1  2  3  4  5  6  7  8  9 |
---------------+----------------------------+-----
Spellcasting   | 3 4 5 6 7 9 |  9.1
Fire Magic     | 4 5 6 7 9 |  9.3
Conjurations   | 2 3 4 5 |  5.9
Dodging        | |  1.7
Stealth        | |  1.7

Action                   |  1- 3 |  4- 6 |  7- 9 || total
-------------------------+-------+-------+-------++-------
Melee: Unarmed           |    28 |       |       ||    28
       Tailslap          |     5 |    14 |    29 ||    48
       Dagger            |    10 |    95 |   169 ||   274
       Punch             |       |     2 |       ||     2
       Scimitar          |       |       |    26 ||    26
 Cast: Foxfire           |    60 |    59 |   175 ||   294
       Inner Flame       |       |       |     1 ||     1
Invok: Curse Item        |       |       |     1 ||     1
  Use: Scroll            |       |     9 |     2 ||    11
       Potion            |       |       |     4 ||     4
 Stab: Sleeping          |       |     2 |     2 ||     4
Armor: Skin              |    17 |    37 |   121 ||   175
Dodge: Dodged            |    44 |    79 |   166 ||   289
Block: Other             |       |       |    40 ||    40

Table legend: (Time is in decaauts)
 A = Elapsed time spent in this place.
 B = Non-inter-level travel time spent in this place.
 C = Inter-level travel time spent in this place.
 D = Time resting spent in this place.
 E = Time spent auto-exploring this place.
 F = Levels seen in this place.
 G = Mean time per level.
                   A        B        C        D        E       F      G
               +--------+--------+--------+--------+--------+-----+--------+
         Total |   8480 |   8374 |    106 |   1147 |   5624 |   8 | 1060.0 |
       Dungeon |   8480 |   8374 |    106 |   1147 |   5624 |   8 | 1060.0 |
               +--------+--------+--------+--------+--------+-----+--------+

Top non-repeatable levels by time:
     D:4: 1392 daAuts
     D:7: 1364 daAuts
     D:6: 1163 daAuts
     D:1: 1086 daAuts
     D:5: 1080 daAuts
     D:2: 996 daAuts
     D:3: 754 daAuts
     D:8: 641 daAuts
